Zazza, neutral female human Tourist # ^ ------- #-|-.---- ------- |......#####%`#############T@a##a###a##-......| |.}.}.. |.....| #--------------- #|......-# |}.}.}.| #......| #|..............###########|....<.|# |.. |.}.}..-#####|......######|.............| #|......|# ##-%} }.} |}.}.}.| # #|.....| #-.............| #|%.....|# # |.. ... |.}.}...### #|.....| #|.........>....###########-......|# ### --- -.- -------- #------- #|.............| #--------# # ## `#############--------------- `########### # ### # # # ###-----.-- #.......| |......| |......| -------- Zazza the Traveler Experience level: 14 Strength: 18/20 Dexterity: 17 Constitution: 18 Intelligence: 16 Wisdom: 18 Charisma: 14 Health: 0(141) Energy: 72(72) Def: 17 Gold: 0 Moves: 35496 Dungeon seed: l456T9i49KxFQvT- Game ID: Zazza_1582536379 Your Inventory: Amulets f - an uncursed amulet of reflection (being worn) Armor e - a blessed rusty +1 helm of telepathy (being worn) g - an uncursed burnt rotted +2 pair of leather gloves (being worn) n - an uncursed +0 Hawaiian shirt (being worn) q - an uncursed +0 cloak of invisibility (being worn) r - an uncursed +0 dwarvish mithril-coat (being worn) Comestibles G - an uncursed egg Q - an uncursed lizard corpse Scrolls P - 2 uncursed scrolls of light S - an uncursed scroll of amnesia V - an uncursed scroll of scare monster Potions T - an uncursed potion of confusion Rings o - an uncursed ring of slow digestion x - an uncursed ring of free action (on right hand) M - a blessed ring of teleport control (on left hand) Wands B - a wand of teleportation (0:7) U - a wand of digging (0:4) W - a wand of magic missile (0:6) Tools k - an uncursed skeleton key m - an uncursed pair of lenses (being worn) t - an uncursed towel u - a +0 unicorn horn (weapon in hands) z - a blessed bag of holding Gems I - a blessed luckstone Y - a blessed touchstone Contents of the bag of holding: 2325 gold pieces an uncursed amulet of life saving the rustproof +3 Excalibur a +0 boomerang a blessed +0 pair of leather gloves an uncursed +0 pair of leather gloves an uncursed +0 pair of leather gloves an uncursed +0 pair of leather gloves an uncursed +0 pair of leather gloves a blessed +1 robe 12 uncursed C-rations 7 uncursed K-rations 6 uncursed food rations 2 uncursed lumps of royal jelly an uncursed tripe ration 2 uncursed scrolls of amnesia a cursed scroll of blank paper 3 uncursed scrolls of destroy armor an uncursed scroll of fire a blessed scroll of genocide a blessed scroll of identify an uncursed scroll of identify an uncursed scroll of light a cursed scroll of teleportation an uncursed spellbook of sleep 2 blessed potions of extra healing an uncursed potion of extra healing an uncursed potion of full healing an uncursed potion of gain ability an uncursed potion of gain level an uncursed potion of hallucination a cursed potion of levitation 2 uncursed potions of oil an uncursed potion of paralysis an uncursed potion of see invisible an uncursed potion of sleeping an uncursed potion of speed 2 uncursed potions of water an uncursed ring of conflict an uncursed ring of conflict an uncursed ring of regeneration a wand of digging (0:8) a wand of fire (0:7) a wand of magic missile (0:4) a can of grease (0:24) an expensive camera (0:42) a magic marker (0:40) a +0 pick-axe an uncursed sack an uncursed amber stone an uncursed jasper stone an uncursed touchstone Spells and supernatural/magical abilities: Name Level Category Fail Memory a - force bolt 1* attack 100% 0% h - healing 1 healing 100% 87% n - detect monsters 1 divination 100% 88% I - identify 3 divination 100% 88% K - cure sickness 3 healing 100% 86% M - magic mapping 5 divination 100% 87% R - restore ability 4 healing 100% 88% T - turn undead 6 clerical 100% 87% U - detect unseen 3 divination 100% 88% V - teleportitis -- ability ? -- W - pray for help -- divine ? -- Your skills at the end: Fighting Skills bare handed combat [Basic] Weapon Skills dagger [Basic] long sword [Basic] dart [Basic] unicorn horn [Skilled] Spellcasting Skills Final Attributes: You were piously aligned. You were fire resistant. You were cold resistant. You were sleep resistant. You were shock resistant. You were poison resistant. You saw invisible. You were telepathic. You had automatic searching. You were invisible to others. You could teleport. You had teleport control. You were protected. You were fast. You had reflection. You had free action. You were extremely lucky. You had extra luck. Good luck did not time out for you. You are dead. Vanquished creatures: a vampire lord 2 clay golems a lurker above a black pudding 2 vampires 6 ghosts a lieutenant a queen bee 2 giant mimics 2 zruties an ogre king an ice troll an umber hulk a flesh golem an Elvenking a large mimic a baby long worm a baby purple worm 2 long worms a couatl a stalker a fire elemental 3 hill giants 2 xorns a giant zombie 8 sergeants a warg 5 small mimics 3 glass piercers a warhorse 2 xans 2 ettin mummies 2 ogre lords 3 quantum mechanics 3 trolls a wood golem a gelatinous cube 4 freezing spheres 5 flaming spheres 3 shocking spheres 3 tigers 2 gargoyles a dwarf king 4 tengu 2 ochre jellies an energy vortex a mountain centaur 4 stone giants 4 wraiths 2 carnivorous apes an ettin zombie 2 leather golems 6 Grey-elves 42 soldiers 4 chameleons 3 giant beetles 3 quivering blobs 4 cockatrices 6 wolves 4 winter wolf cubs 4 gremlins a spotted jelly 6 leprechauns 3 iron piercers 27 giant spiders 3 scorpions a horse 3 black lights 5 vampire bats 8 forest centaurs 4 gnome kings an orc mummy 3 dwarf mummies 4 brown puddings a rust monster 3 owlbears 3 yetis a gold golem a werewolf 8 Green-elves 6 lizards 11 guides 2 dogs 2 dingos 2 housecats 3 jaguars 3 dwarf lords 3 blue jellies 2 white unicorns 2 black unicorns 3 ravens a plains centaur 5 gnome mummies 4 snakes 5 apes a rope golem 3 Woodland-elves 7 soldier ants 24 fire ants 13 bugbears an imp 3 quasits 4 wood nymphs 2 water nymphs 2 mountain nymphs 7 Mordor orcs 2 Uruk-hai 3 orc shamans 10 rock piercers 5 rock moles 2 ponies a fog cloud 5 yellow lights 4 shriekers 2 violet fungi 18 gnome lords 9 gnomish wizards 8 kobold mummies a red naga hatchling a black naga hatchling 2 golden naga hatchlings 3 gray oozes a barrow wight 9 elf zombies 3 ghouls 3 straw golems a paper golem 2 baby crocodiles 2 giant ants a little dog 10 floating eyes a kitten 17 dwarves 2 homunculi 4 kobold lords 5 kobold shamans 17 hill orcs 18 rothes 2 rabid rats 4 centipedes 2 giant bats 2 monkeys 3 orc zombies 9 dwarf zombies a wererat 4 werejackals 12 iguanas 9 killer bees 9 acid blobs 14 coyotes a gas spore 12 hobbits 5 manes 5 large kobolds 9 hobgoblins 19 giant rats 10 cave spiders 6 brown molds 6 yellow molds 4 green molds 64 gnomes 15 garter snakes 7 gnome zombies 9 geckos 28 jackals 4 foxes 7 kobolds 12 goblins 14 sewer rats 17 grid bugs 10 bats 15 lichens 7 kobold zombies 15 newts 936 creatures vanquished. Genocided species: small mimics large mimics giant mimics 3 species genocided. Voluntary challenges: You used a wielded weapon 1867 times, starting on turn 2165. You read items or engraved 156 times, starting on turn 755. You genocided 3 types of monsters, starting on turn 33189. You polymorphed 30 items, starting on turn 29316. You never changed form. You used no wishes. You split 1 pudding, starting on turn 31324. You wrote Elbereth's name 35 times, starting on turn 4297. You violated your moral code, losing 140 points of alignment, starting on turn 8499. Dungeon overview: The Dungeons of Doom: levels 1 to 24 Level 1 a long staircase Level 2 Level 3 a general store Level 4 a hardware shop stairs to The Gnomish Mines Level 5 a fountain Level 6 many fountains Level 7 a fountain stairs to Sokoban Level 8 a fountain Level 9 a fountain Level 10 Level 11 a sink Level 12 portal to The Quest Level 13 some fountains Level 14 a fountain, a sink, a throne Level 15 (rogue + unicorn) Level 16 a fountain Level 17 a fountain Level 18 a fountain, a sink Level 19 <- You were here Level 20 Level 21 some fountains Level 22 Level 23 a fountain Level 24 The Gnomish Mines: levels 5 to 13 Level 5 stairs to The Dungeons of Doom Level 6 Level 7 many shops, a temple to Offler, some fountains Level 8 Level 9 Level 10 Level 11 Level 12 Level 13 some fountains The Quest: levels 1 to 3 Level 1 a throne portal to The Dungeons of Doom Level 2 Level 3 Sokoban: levels 3 to 6 Level 3 Level 4 Level 5 Level 6 stairs to The Dungeons of Doom History has recorded: On T:1 you entered the Dungeons of Doom to retrieve the Amulet of Yendor! On T:428 you reached level 2 of The Dungeons of Doom. On T:665 you reached level 3 of The Dungeons of Doom. On T:1525 you reached level 4 of The Dungeons of Doom. On T:2111 you reached level 1 of The Gnomish Mines. On T:2202 you advanced to experience level 2. On T:2501 you reached level 5 of The Dungeons of Doom. On T:2954 you reached level 6 of The Dungeons of Doom. On T:3055 you advanced to experience level 3. On T:4249 you reached level 2 of The Gnomish Mines. On T:4516 you advanced to experience level 4. On T:4828 you advanced to experience level 5. On T:5170 you reached level 3 of The Gnomish Mines. On T:6046 you reached level 4 of The Gnomish Mines. On T:6758 you reached level 5 of The Gnomish Mines. On T:8247 you advanced to experience level 6. On T:8299 you reached level 7 of The Dungeons of Doom. On T:8643 you reached level 4 of Sokoban. On T:9098 you reached level 3 of Sokoban. On T:9859 you reached level 2 of Sokoban. On T:10449 you advanced to experience level 7. On T:10550 you reached level 1 of Sokoban. On T:12573 you advanced to experience level 8. On T:14231 you reached level 6 of The Gnomish Mines. On T:14699 you reached level 7 of The Gnomish Mines. On T:15074 you advanced to experience level 9. On T:15139 you reached level 8 of The Gnomish Mines. On T:16144 you reached level 9 of The Gnomish Mines. On T:17470 you advanced to experience level 10. On T:19354 you reached level 8 of The Dungeons of Doom. On T:19612 you reached level 9 of The Dungeons of Doom. On T:21365 you reached level 10 of The Dungeons of Doom. On T:21686 you advanced to experience level 11. On T:21792 you reached level 11 of The Dungeons of Doom. On T:22220 you reached level 12 of The Dungeons of Doom. On T:22234 you reached level 1 of The Quest. On T:22587 you reached level 13 of The Dungeons of Doom. On T:22975 you reached level 14 of The Dungeons of Doom. On T:23064 you reached level 15 of The Dungeons of Doom. On T:23973 you reached level 16 of The Dungeons of Doom. On T:24115 you advanced to experience level 12. On T:24276 you reached level 17 of The Dungeons of Doom. On T:25356 you reached level 19 of The Dungeons of Doom. On T:30296 you reached level 20 of The Dungeons of Doom. On T:30691 you reached level 21 of The Dungeons of Doom. On T:30961 you reached level 22 of The Dungeons of Doom. On T:31236 you reached level 23 of The Dungeons of Doom. On T:31458 you reached level 24 of The Dungeons of Doom. On T:33238 you advanced to experience level 13. On T:33239 you advanced to experience level 14. On T:34181 you embarked upon an epic quest. On T:34319 you reached level 2 of The Quest. On T:34646 you reached level 3 of The Quest. Score breakdown: Gold: 2211 (11377 points) Experience: 14 levels (20086 points) Exploration: 24 levels ( 48.98%) (20766 points) Discoveries: 147 items ( 49.33%) (21070 points) Valuables value: (no points given unless you survive) Artifact value: 0 ( 0 points) Variety of kills: 174 monsters ( 45.67%) (20273 points) Turncount: 35496 turns (-4250 points) Survival: died (score multiplied by 80%) Total score: 71457 Latest messages: The giant ant misses. Troy swings his runed broadsword. Troy hits! Troy misses. (2x) The giant ant misses. Troy swings his runed broadsword. Troy misses. Troy hits! Troy misses. The giant ant misses. (2x) Troy swings his runed broadsword. Troy hits! (2x) Troy bites! The giant ant misses. Troy swings his runed broadsword. Troy hits! (2x) Troy bites! The giant ant bites! The giant ant misses. Troy swings his runed broadsword. Troy hits! You die... The sack is empty. Final status: Aloha Zazza the Tourist, killed by a troll called "Troy"... You died in The Dungeons of Doom on dungeon level 19 with 71457 points, and 2325 pieces of gold, after 35496 moves. You were level 14 with a maximum of 141 hit points when you died.